 Dungeon Crawl Stone Soup version 0.30-a0-23-ge60ba3568b (webtiles) character file.

Game seed: 290708821084347295

4700 Pooter the Cleaver (level 10, 0/88 HPs)
             Began as a Minotaur Fighter on Aug 24, 2022.
             Was a Believer of Makhleb.
             Slain by a death knight
             ... wielding a +3 great sword of protection
              (18 damage)
             ... on level 9 of the Dungeon.
             The game lasted 00:45:27 (10386 turns).

Pooter the Cleaver (Minotaur Fighter)              Turns: 10386, Time: 00:45:28

Health: 0/88       AC: 10    Str: 25    XL:     10   Next: 21%
Magic:  12/12      EV:  8    Int:  5    God:    Makhleb [**....]
Gold:   28         SH:  5    Dex: 10    Spells: 9/9 levels left

rFire   . . .      SeeInvis +    a - +5 battleaxe (vamp)
rCold   . . .      Faith    .    (shield currently unavailable)
rNeg    . . .      Spirit   .    R - +0 chain mail
rPois   +          Reflect  +    (helmet restricted)
rElec   .          Harm     .    O - +0 cloak
rCorr   .          Rampage  .    (no gloves)
Will    .....                    (no boots)
Stlth   ..........               s - amulet of reflection
HPRegen 0.24/turn                P - ring of poison resistance
MPRegen 0.13/turn                S - ring of see invisible

@: mighty
A: horns 2, retaliatory headbutt
a: Renounce Religion, Minor Destruction


You were on level 9 of the Dungeon.
You worshipped Makhleb.
Makhleb was pleased with you.
You visited 2 branches of the dungeon, and saw 10 of its levels.
You also visited: Sewer and Ossuary.

You collected 626 gold pieces.
You spent 598 gold pieces at shops.

Inventory:

Hand Weapons
 a - a +5 vampiric battleaxe (weapon)
   (You bought it in a shop on level 2 of the Dungeon)
 b - a +0 arbalest
   (You took it off an orc warrior on level 8 of the Dungeon)
 v - a +0 sling
   (You bought it in a shop on level 2 of the Dungeon)
 B - a +0 war axe
 C - a +0 trident
   (You took it off an orc on level 4 of the Dungeon)
Missiles
 h - 9 poisoned darts
 o - 2 throwing nets {!f}
 G - 3 javelins
 I - 6 boomerangs (quivered)
 K - 3 curare-tipped darts
 M - 2 boomerangs of dispersal {!f}
 Q - 94 stones
Armour
 c - a +0 buckler
 O - a +0 cloak (worn)
   (You took it off Maurice on level 8 of the Dungeon)
 R - a +0 chain mail (worn)
   (You took it off an orc warrior on level 8 of the Dungeon)
Jewellery
 s - an amulet of reflection (around neck)
   (You found it on level 2 of the Dungeon)
 y - a ring of fire
   (You found it in a sewer)
 P - a ring of poison resistance (left hand)
   (You found it on level 7 of the Dungeon)
 S - a ring of see invisible (right hand)
   (You found it on level 7 of the Dungeon)
Wands
 f - a wand of flame (35)
   (You found it on level 7 of the Dungeon)
 x - a wand of acid (5)
   (You found it on level 2 of the Dungeon)
 D - a wand of digging (11)
   (You took it off an orc on level 5 of the Dungeon)
 H - a wand of roots (2)
   (You found it on level 5 of the Dungeon)
Scrolls
 g - 2 scrolls of magic mapping {unknown}
 i - 2 scrolls of summoning
 l - 2 scrolls of amnesia {unknown}
 m - 4 scrolls of enchant armour
 r - 2 scrolls of noise {!r}
 t - 7 scrolls of teleportation {@r4}
 u - a scroll of immolation {!r}
 w - a scroll of vulnerability {!r}
 A - 2 scrolls of butterflies {unknown}
 E - a scroll of poison {!r}
Potions
 d - 3 potions of might
 e - 5 potions of heal wounds {@q2}
 j - 7 potions of curing {@q1}
 k - 4 potions of magic
 n - 4 potions of haste {@q3}
 p - a potion of flight
 q - a potion of berserk rage {unknown}
 z - 2 potions of invisibility {unknown}
 F - a potion of resistance {unknown}
 J - 2 potions of brilliance {unknown}
 L - 2 potions of cancellation {unknown}
 N - a potion of lignification {unknown}


   Skills:
 + Level 8.0 Fighting
 * Level 10.5 Axes
 * Level 8.8 Ranged Weapons
 - Level 3.5 Throwing
 - Level 3.6 Armour
 - Level 4.0 Shields
 + Level 4.0 Invocations
 + Level 3.5 Evocations


You had 9 spell levels left.
You didn't know any spells.
Your spell library contained the following spells:

 Spells                   Type           Power      Damage    Failure   Level
 Magic Dart               Conj           0%         1d3       98%         1
 Searing Ray              Conj           0%         2d4       99%         2
 Frozen Ramparts          Ice            0%         1d1       100%        3
 Fulminant Prism          Conj/Hex       0%         3d6       100%        4
 Ice Form                 Ice/Tmut       0%         N/A       100%        4
 Iskenderun's Mystic Bla  Conj/Tloc      0%         2d3       100%        4
 Summon Ice Beast         Ice/Summ       0%         N/A       100%        4
 Lee's Rapid Deconstruct  Erth           0%         3d5*      100%        5
 Malign Gateway           Summ/Tloc      0%         N/A       100%        7
 Summon Horrible Things   Summ           0%         N/A       100%        8


Dungeon Overview and Level Annotations

Branches:
Dungeon (9/15)             Temple (1/1) D:5           Sewer (visited)
Ossuary (visited)
   Lair: D:8-11         Orc: D:9-12

Altars:
Ashenzari
Cheibriados
Dithmenos
Elyvilon
Fedhas
Gozag
Hepliaklqana
Kikubaaqudgha
Makhleb
Nemelex Xobeh
Okawaru
Qazlal
Ru
Sif Muna
Trog
Uskayaw
Vehumet
Wu Jian
Xom
Yredelemnul
Zin
The Shining One

Shops:
D:2 ((([*   D:3 (   D:7 !

Annotations:
D:7 3 runed translucent doors, Zeldest's ghost, novice MeCA


Innate Abilities, Weirdness & Mutations

You have a pair of horns on your head.
You reflexively headbutt those who attack you in melee.


Message History

Done waiting.
You start waiting.
A death knight is nearby!
You shoot a bolt. The death knight shouts!
The bolt hits the death knight but does no damage.
An orc comes into view. It is wielding a +0 morningstar.
You shoot a bolt. The orc shouts!
The bolt hits the death knight!
An orc warrior comes into view. It is wielding a +0 war axe.
The death knight offers itself to Yredelemnul, and fills with unholy energy.
You shoot a bolt. The orc warrior shouts!
The bolt hits the death knight!
The death knight reflects your damage back at you!
An orc comes into view. It is wielding a +0 flail.
Aim: a death knight, wielding a +3 great sword of protection and wearing a +0 plate armour (heavily wounded, reflecting injuries)
The roots erupt in riotous growth!
Roots grab the death knight.
The orc shouts!
The grasping roots constrict the death knight.
The death knight reflects your damage back at you!
The death knight struggles to escape constriction.
You feel a sense of dread.
a - a +5 vampiric battleaxe (weapon)
The grasping roots constrict the death knight.
The roots release their grip on the death knight.
The death knight reflects your damage back at you!
Aim: a death knight, wielding a +3 great sword of protection and wearing a +0 plate armour (heavily wounded, reflecting injuries)
Okay, then.
You feel very mighty all of a sudden.
An orc comes into view. It is wielding a +0 club.
You closely miss the death knight.
The orc shouts!
The death knight hits you with a +3 great sword of protection!
You slice the death knight!!
The death knight reflects your damage back at you!
The death knight hits you with a +3 great sword of protection!
* * * LOW HITPOINT WARNING * * *
You closely miss the death knight. You headbutt the death knight.
The death knight reflects your damage back at you!
* * * LOW HITPOINT WARNING * * *
The death knight mumbles some strange prayers to Yredelemnul against you.
Your body is wracked with pain!
* * * LOW HITPOINT WARNING * * *
You completely miss the death knight. You block the death knight's attack.
A seven-headed hydra comes into view.
The death knight hits you with a +3 great sword of protection!!
You die... ##############. .......@poooo.D ###############

You could see a death knight (reflects damage), a seven-headed hydra (wandering), an orc warrior and 3 orcs.

Vanquished Creatures
  A two-headed ogre (D:8)
  Maurice (D:8)
  Maggie (D:7)
  Psyche (D:8)
  2 water moccasins
  2 orc warriors
  2 sky beasts
  A black bear (D:7)
  An ice beast (D:7)
  A centaur (D:5)
  A phantom (D:5)
  A necrophage (D:5)
  5 bullfrogs
  3 scorpions
  4 water moccasin zombies (Ossuary)
  7 wights
  5 killer bees (D:8)
  4 howler monkeys
  2 orc priests
  2 gnoll boudas
  A jelly (D:4)
  2 iguanas
  3 orc wizards (D:6)
  3 mummies
  Robin (D:3)
  13 gnolls
  14 adders
  6 river rats (Sewer)
  A white imp (D:6)
  An ufetubus (D:4)
  5 worms
  2 adder zombies (Ossuary)
  5 dart slugs
  18 orcs
  4 bats
  7 endoplasms
  13 giant cockroaches
  5 gnoll zombies (Ossuary)
  12 goblins
  8 hobgoblins
  6 jackals (D:2)
  2 quokkas
  14 ball pythons
  7 frilled lizards
  A goblin zombie (D:7)
  8 hobgoblin zombies
  7 kobolds
  3 kobold zombies (Ossuary)
  6 orc zombies (Ossuary)
  37 rats
262 creatures vanquished.

Notes
Turn   | Place    | Note
-------+----------+-------------------------------------------
     0 | D:1      | Pooter the Minotaur Fighter began the quest for the Orb.
     0 | D:1      | Reached XP level 1. HP: 19/19 MP: 0/0
   134 | D:1      | Found a faded altar of an unknown god.
   268 | D:1      | Reached skill level 3 in Axes
   268 | D:1      | Reached XP level 2. HP: 24/27 MP: 1/1
  1219 | D:2      | Reached XP level 3. HP: 32/33 MP: 2/2
  1335 | D:2      | Found Ipatsosa's Antique Weapon Shop.
  1347 | D:2      | Bought a sling for 31 gold pieces
  1360 | D:2      | Reached skill level 4 in Axes
  1518 | D:2      | Found Sifami's General Store.
  1526 | D:2      | Bought a +0 longbow for 84 gold pieces
  1556 | D:2      | Found Caorrij's Antique Armour Shoppe.
  1629 | D:2      | Reached XP level 4. HP: 41/41 MP: 3/3
  1651 | D:2      | Reached skill level 1 in Ranged Weapons
  1832 | D:2      | Found Fuecypri's Antique Weapon Emporium.
  1839 | D:2      | Found Geoprado's Weapon Shoppe.
  2086 | D:3      | Found Asuerig's Antique Weapon Shop.
  2204 | D:3      | Reached XP level 5. HP: 25/47 MP: 4/4
  2911 | D:3      | Noticed Robin
  2917 | D:3      | Reached skill level 5 in Axes
  2926 | D:3      | Killed Robin
  3040 | D:4      | Found a glowing drain.
  3066 | Sewer    | Entered a sewer
  3355 | Sewer    | Reached XP level 6. HP: 51/55 MP: 5/5
  3476 | Sewer    | Reached skill level 5 in Fighting
  3622 | Sewer    | Reached skill level 6 in Axes
  3810 | D:2      | Bought a glowing battleaxe for 171 gold pieces
  3854 | D:4      | Reached XP level 7. HP: 32/61 MP: 6/6
  4332 | D:2      | Bought a scroll of poison for 52 gold pieces
  4776 | D:5      | Entered Level 5 of the Dungeon
  4791 | D:5      | Reached skill level 7 in Axes
  4844 | D:5      | Reached skill level 5 in Ranged Weapons
  5445 | D:5      | Found a staircase to the Ecumenical Temple.
  5455 | Temple   | Entered the Ecumenical Temple
  5956 | D:6      | Found a burning altar of Makhleb.
  5957 | D:6      | Found a hide-covered altar of Uskayaw.
  5957 | D:6      | Found a radiant altar of Vehumet.
  5959 | D:6      | Found a broken altar of Ashenzari.
  5959 | D:6      | Found an opulent altar of Gozag.
  5961 | D:6      | Found a glowing silver altar of Zin.
  5961 | D:6      | Found a shadowy altar of Dithmenos.
  5978 | D:6      | Found a hazy altar of Hepliaklqana.
  5981 | D:6      | Became a worshipper of Makhleb the Destroyer
  6043 | D:6      | Reached XP level 8. HP: 68/70 MP: 7/7
  6440 | D:6      | Reached skill level 1 in Invocations
  6519 | D:6      | Reached skill level 8 in Axes
  6519 | D:6      | Reached skill level 1 in Throwing
  6524 | D:6      | Reached skill level 1 in Evocations
  6850 | D:6      | Found a blossoming altar of Fedhas.
  6859 | D:6      | Found an iron altar of Okawaru.
  7121 | D:7      | Found a sand-covered staircase.
  7126 | Ossuary  | Entered an ossuary
  7132 | Ossuary  | Reached * piety under Makhleb
  7403 | D:7      | HP: 3/64 [wight/+0 battleaxe (10)]
  8045 | D:7      | Reached XP level 9. HP: 74/77 MP: 9/9
  8269 | D:7      | Reached skill level 9 in Axes
  8303 | D:7      | Noticed Maggie
  8311 | D:7      | Reached ** piety under Makhleb
  8318 | D:7      | Killed Maggie
  8330 | D:7      | Found Rothotyt's Distillery.
  8336 | D:7      | Bought a potion of haste for 130 gold pieces
  8336 | D:7      | Bought a potion of flight for 39 gold pieces
  9052 | D:7      | Found a runed translucent gate.
  9052 | D:7      | Found a runed translucent gate.
  9052 | D:7      | Found a runed translucent gate.
  9052 | D:7      | Noticed Zeldest's ghost (novice MeCA)
  9070 | D:7      | Identified the +4 plate armour of the Barnacle {rElec}
  9088 | D:7      | Found the -2 hat of the Alchemist {rElec rPois rF+ rC+ rN+
                  | Will+ rMut rCorr}
  9129 | D:8      | Noticed a two-headed ogre
  9136 | D:8      | Killed a two-headed ogre
  9173 | D:8      | Reached skill level 10 in Axes
  9702 | D:8      | Reached XP level 10. HP: 88/88 MP: 11/11
  9741 | D:8      | Noticed Maurice
  9750 | D:8      | Killed Maurice
  9835 | D:8      | Noticed Psyche
  9848 | D:8      | Killed Psyche
 10019 | D:7      | Bought a potion of curing for 39 gold pieces
 10019 | D:7      | Bought a potion of curing for 39 gold pieces
 10019 | D:7      | Bought a potion of degeneration for 13 gold pieces
 10151 | D:9      | Noticed a death knight
 10386 | D:9      | Noticed a seven-headed hydra
 10386 | D:9      | Slain by a death knight

Illustrated notes

Levels and vault maps discovered:
D:1:      dpeg_arrival_circle_labyrinth_a, layout_basic, basic_ecumenical_altar,
          minmay_pentomino_w4
D:2:      minmay_roachtagon, layout_rooms, serial_shops, shop,
          nicolae_shop_waterfront, nicolae_shop_trees, shop, shop_fountains,
          kennysheep_big_empty_room
D:3:      layout_loops_cross, serial_shops, nicolae_shop_trees,
          kennysheep_generic_room_3, uniq_robin
D:4:      layout_loops_ring, portal_sewer_entry_a
D:5:      layout_loops_ring, minmay_temple_entry_mini_moons
D:6:      layout_rooms, grunt_temple_overflow_open, mainiacjoe_overflow_swirl,
          serial_corexii_hall, corexii_hall_statues_i, corexii_hall_statues_x,
          chequers_hall_statues_y, corexii_hall_statues_i
D:7:      layout_basic, biasface_ghost_orc_armoury, serial_shops,
          nicolae_shop_stone, nicolae_ossuary_entry_giza, uniq_maggie
D:8:      layout_gridville, uniq_psyche, uniq_maurice
D:9:      minmay_bloctagon_deflated, layout_long_grid, nicolae_shop_vocational
Temple:   nicolae_temple_slightly_damp_pantheon

Skill      XL: |  1  2  3  4  5  6  7  8  9 10 |
---------------+-------------------------------+-----
Axes           | 3 4 5 6 7 8 10 | 10.5
Fighting       | 4 5 6 7 8 |  8.0
Shields        | 4 |  4.0
Ranged Weapons | 2 3 4 5 7 8 |  8.8
Invocations    | 2 3 4 |  4.0
Throwing       | 2 3 |  3.5
Evocations     | 2 3 |  3.5
Armour         | |  3.6

Action                   |  1- 3 |  4- 6 |  7- 9 | 10-12 || total
-------------------------+-------+-------+-------+-------++-------
Melee: War axe           |    66 |    93 |       |       ||   159
       Headbutt          |     9 |    10 |    24 |     3 ||    46
       Battleaxe         |       |     7 |   188 |    15 ||   210
 Fire: Sling             |    17 |       |       |       ||    17
       Longbow           |     8 |   147 |   137 |    13 ||   305
       Arbalest          |       |       |       |     4 ||     4
Throw: Stone             |       |     1 |       |       ||     1
       Dart              |       |       |     5 |       ||     5
       Javelin           |       |       |     2 |       ||     2
Evoke: Wand              |       |     1 |     2 |     2 ||     5
  Use: Scroll            |     2 |     1 |    13 |       ||    16
       Potion            |       |       |     1 |     1 ||     2
Armor: Scale mail        |    29 |    83 |    73 |     3 ||   188
Dodge: Dodged            |    45 |   102 |   109 |     6 ||   262
Block: Buckler           |    18 |       |       |       ||    18
       Other             |       |    61 |    41 |     3 ||   105
       Reflection        |       |       |     3 |       ||     3

Table legend: (Time is in decaauts)
 A = Elapsed time spent in this place.
 B = Non-inter-level travel time spent in this place.
 C = Inter-level travel time spent in this place.
 D = Time resting spent in this place.
 E = Time spent auto-exploring this place.
 F = Levels seen in this place.
 G = Mean time per level.
                   A        B        C        D        E       F      G
               +--------+--------+--------+--------+--------+-----+--------+
         Total |  10675 |  10088 |    587 |   2101 |   6108 |  12 |  889.6 |
       Dungeon |   9494 |   8925 |    569 |   1988 |   5523 |   9 | 1054.9 |
        Temple |    185 |    167 |     18 |      0 |    154 |   1 |  185.0 |
         Sewer |    732 |    732 |      0 |    101 |    357 |   1 |  732.0 |
       Ossuary |    262 |    262 |      0 |     11 |     73 |   1 |  262.0 |
               +--------+--------+--------+--------+--------+-----+--------+

Top non-repeatable levels by time:
     D:7: 2060 daAuts
     D:1: 1225 daAuts
     D:3: 1155 daAuts
     D:2: 1085 daAuts
     D:5: 1076 daAuts
     D:8: 963 daAuts
     D:6: 938 daAuts
     D:4: 774 daAuts
   Sewer: 732 daAuts
 Ossuary: 262 daAuts
     D:9: 214 daAuts
  Temple: 185 daAuts
